TOP OF THE 1ST |
Toronto Blue Jays batting - Pitching for Baltimore Orioles : RHP Shohei Ohtani
|
Pitching: RHP Shohei Ohtani
|
|
Batting: LHB Dee Gordon
|
0-0: Called Strike 0-1: Ball 1-1: Ground out 5-3 (Groundball, 5L)
|
Batting: RHB Elvis Andrus
|
0-0: Ball 1-0: Ball 2-0: Ball 3-0: Called Strike 3-1: Base on Balls
|
Batting: RHB Andrew McCutchen
|
0-0: Fly out, F8 (Flyball, 89S)
|
Batting: SHB Josh Bell
|
0-0: Called Strike 0-1: Ball 1-1: Ball 2-1: Ground out U3 (Groundball, 3)
|
Top of the 1st over - 0 runs, 0 hits, 0 errors, 1 left on base; Toronto 0 - Baltimore 0 |
BOTTOM OF THE 1ST |
Baltimore Orioles batting - Pitching for Toronto Blue Jays : RHP Marcus Stroman
|
Pitching: RHP Marcus Stroman
|
|
Batting: SHB Dexter Fowler
|
0-0: Bunt for hit - play at first, batter OUT! 1-3
|
Batting: LHB Nomar Mazara
|
0-0: Ground out U3 (Groundball, 34)
|
Batting: LHB Rafael Devers
|
0-0: Fly out, F2 (Popup, 25F)
|
Bottom of the 1st over - 0 runs, 0 hits, 0 errors, 0 left on base; Toronto 0 - Baltimore 0 |
TOP OF THE 2ND |
Toronto Blue Jays batting - Pitching for Baltimore Orioles : RHP Shohei Ohtani
|
Batting: LHB Carlos Gonzalez
|
0-0: Ball 1-0: Ball 2-0: Foul Ball, location: 2F 2-1: Swinging Strike 2-2: Foul Ball, location: 2F 2-2: Fly out, F8 (Flyball, 8RXD)
|
Batting: RHB Nicholas Castellanos
|
0-0: Ball 1-0: Ball 2-0: Called Strike 2-1: Called Strike 2-2: Ground out 6-3 (Groundball, 6)
|
Batting: RHB Jorge Soler
|
0-0: Foul Ball, location: 2F 0-1: Foul Ball, location: 2F 0-2: Ball 1-2: DOUBLE (Flyball, 8RXD)
|
Batting: SHB Billy Hamilton
|
0-0: Called Strike 0-1: Ball 1-1: Called Strike 1-2: SINGLE (Line Drive, 9S) Jorge Soler to third Runner from 3rd tries for Home, SAFE, throw made home
|
Batting: RHB Austin Hedges
|
0-0: Ball 1-0: Called Strike 1-1: Fielders Choice at 2nd, U6 (Groundball, 6M)
|
Top of the 2nd over - 1 run, 2 hits, 0 errors, 1 left on base; Toronto 1 - Baltimore 0 |
BOTTOM OF THE 2ND |
Baltimore Orioles batting - Pitching for Toronto Blue Jays : RHP Marcus Stroman
|
Batting: RHB Jose Abreu
|
0-0: Ball 1-0: Ball 2-0: Called Strike 2-1: DOUBLE (Line Drive, 7LM)
|
Batting: LHB Stephen Vogt
|
0-0: Fly out, F8 (Flyball, 8LM)
|
Batting: RHB Austin Barnes
|
0-0: Foul Ball, location: 2F 0-1: Foul Ball, location: 2F 0-2: Strikes out looking
|
Batting: RHB Albert Almora
|
0-0: Foul Ball, location: 2F 0-1: Called Strike 0-2: SINGLE (Groundball, 34D) Jose Abreu to third Runner from 3rd tries for Home, SAFE, throw made home
|
Batting: SHB Jorge Polanco
|
0-0: Ball 1-0: Ground out 4-3 (Groundball, 4)
|
Bottom of the 2nd over - 1 run, 2 hits, 0 errors, 1 left on base; Toronto 1 - Baltimore 1 |
TOP OF THE 3RD |
Toronto Blue Jays batting - Pitching for Baltimore Orioles : RHP Shohei Ohtani
|
Batting: LHB Dee Gordon
|
0-0: Ball 1-0: Bunt for hit - play at first, batter OUT! 3-4
|
Batting: RHB Elvis Andrus
|
0-0: Ball 1-0: Ball 2-0: Ball 3-0: Called Strike 3-1: Base on Balls
|
Batting: RHB Andrew McCutchen
|
0-0: Called Strike 0-1: Ball 1-1: Ball 2-1: Foul Ball, location: 2F 2-2: Foul Ball, location: 2F 2-2: Foul Ball, location: 2F 2-2: Ball 3-2: Foul Ball, location: 2F 3-2: Grounds into double play, 5-4-3 (Groundball, 5S)
|
Top of the 3rd over - 0 runs, 0 hits, 0 errors, 0 left on base; Toronto 1 - Baltimore 1 |
BOTTOM OF THE 3RD |
Baltimore Orioles batting - Pitching for Toronto Blue Jays : RHP Marcus Stroman
|
Batting: RHB Orlando Arcia
|
0-0: Ball 1-0: Swinging Strike 1-1: Ground out 1-3 (Groundball, 13S)
|
Batting: SHB Dexter Fowler
|
0-0: Called Strike 0-1: Ball 1-1: Foul Ball, location: 2F 1-2: Foul Ball, location: 2F 1-2: Ball 2-2: Ball 3-2: Foul Ball, location: 2F 3-2: Fly out, F7 (Flyball, 7S)
|
Batting: LHB Nomar Mazara
|
0-0: Called Strike 0-1: Ball 1-1: Ball 2-1: Foul Ball, location: 2F 2-2: Ground out 2-3 (Groundball, 2L)
|
Bottom of the 3rd over - 0 runs, 0 hits, 0 errors, 0 left on base; Toronto 1 - Baltimore 1 |
TOP OF THE 4TH |
Toronto Blue Jays batting - Pitching for Baltimore Orioles : RHP Shohei Ohtani
|
Batting: SHB Josh Bell
|
0-0: Ball 1-0: Called Strike 1-1: Called Strike 1-2: Foul Ball, location: 2F 1-2: Ball 2-2: Ball 3-2: SINGLE (Flyball, 89S)
|
Batting: LHB Carlos Gonzalez
|
0-0: Ball 1-0: Foul Ball, location: 2F 1-1: Fly out, F8 (Flyball, 8RD)
|
Batting: RHB Nicholas Castellanos
|
0-0: Called Strike 0-1: Called Strike 0-2: Strikes out swinging
|
Batting: RHB Jorge Soler
|
0-0: Ball 1-0: Called Strike 1-1: Foul Ball, location: 2F 1-2: Strikes out swinging
|
Top of the 4th over - 0 runs, 1 hit, 0 errors, 1 left on base; Toronto 1 - Baltimore 1 |
BOTTOM OF THE 4TH |
Baltimore Orioles batting - Pitching for Toronto Blue Jays : RHP Marcus Stroman
|
Batting: LHB Rafael Devers
|
0-0: Ball 1-0: Ball 2-0: Ball 3-0: Called Strike 3-1: Base on Balls
|
Batting: RHB Jose Abreu
|
0-0: Ball 1-0: Swinging Strike 1-1: Ball Rafael Devers steals 2nd base 2-1: Foul Ball, location: 2F 2-2: Strikes out swinging
|
Batting: LHB Stephen Vogt
|
0-0: Called Strike 0-1: Ball 1-1: Ball 2-1: Fly out, F9 (Flyball, 89S)
|
Batting: RHB Austin Barnes
|
0-0: Called Strike 0-1: Ball 1-1: Called Strike 1-2: SINGLE (Groundball, 56D) Rafael Devers to third Runner from 3rd tries for Home, throw and OUT!
|
Bottom of the 4th over - 0 runs, 1 hit, 0 errors, 1 left on base; Toronto 1 - Baltimore 1 |
TOP OF THE 5TH |
Toronto Blue Jays batting - Pitching for Baltimore Orioles : RHP Shohei Ohtani
|
Batting: SHB Billy Hamilton
|
0-0: Swinging Strike 0-1: Ball 1-1: Ball 2-1: Foul Ball, location: 2F 2-2: Ball 3-2: Foul Ball, location: 2F 3-2: Base on Balls
|
Batting: RHB Austin Hedges
|
0-0: Ball 1-0: Called Strike 1-1: Ball 2-1: Ball 3-1: Foul Ball, location: 2F 3-2: Strikes out swinging
|
Batting: LHB Dee Gordon
|
0-0: Ball Billy Hamilton steals 2nd base 1-0: Called Strike 1-1: Ground out 5-3 (Groundball, 56)
|
Batting: RHB Elvis Andrus
|
0-0: Ball 1-0: Called Strike 1-1: Called Strike 1-2: SINGLE (Flyball, 89S) Billy Hamilton to third Runner from 3rd tries for Home, SAFE, throw made home Elvis Andrus to second
|
Batting: RHB Andrew McCutchen
|
0-0: Ball 1-0: Swinging Strike 1-1: Foul Ball, location: 2F 1-2: Foul Ball, location: 2F 1-2: Ball 2-2: Strikes out swinging
|
Top of the 5th over - 1 run, 1 hit, 0 errors, 1 left on base; Toronto 2 - Baltimore 1 |
BOTTOM OF THE 5TH |
Baltimore Orioles batting - Pitching for Toronto Blue Jays : RHP Marcus Stroman
|
Batting: RHB Albert Almora
|
0-0: Ball 1-0: Called Strike 1-1: Ball 2-1: Ball 3-1: Foul Ball, location: 2F 3-2: Fly out, F8 (Flyball, 89D)
|
Batting: SHB Jorge Polanco
|
0-0: Ball 1-0: Ball 2-0: Ball 3-0: Base on Balls
|
Batting: RHB Orlando Arcia
|
0-0: Called Strike 0-1: Ball 1-1: Foul Ball, location: 2F 1-2: Ball 2-2: Grounds into double play, 4-6-3 (Groundball, 4)
|
Bottom of the 5th over - 0 runs, 0 hits, 0 errors, 0 left on base; Toronto 2 - Baltimore 1 |
TOP OF THE 6TH |
Toronto Blue Jays batting - Pitching for Baltimore Orioles : RHP Shohei Ohtani
|
Pitching: RHP Pedro Strop
|
|
Batting: SHB Josh Bell
|
0-0: Called Strike 0-1: Swinging Strike 0-2: Ball 1-2: Strikes out swinging
|
Batting: LHB Carlos Gonzalez
|
0-0: Foul Ball, location: 2F 0-1: Reached on error, E6 (Groundball, 4MS)
|
Batting: RHB Nicholas Castellanos
|
0-0: Ball 1-0: Called Strike 1-1: Ball 2-1: Ball 3-1: Base on Balls Carlos Gonzalez to second
|
Batting: RHB Jorge Soler
|
0-0: Called Strike 0-1: Foul Ball, location: 2F 0-2: Strikes out swinging
|
Batting: SHB Billy Hamilton
|
0-0: Reached on error, E6 (Groundball, 6M) Carlos Gonzalez to third Nicholas Castellanos to second
|
Batting: RHB Austin Hedges
|
0-0: Called Strike 0-1: Ground out 6-3 (Groundball, 6S)
|
Top of the 6th over - 0 runs, 0 hits, 2 errors, 3 left on base; Toronto 2 - Baltimore 1 |
BOTTOM OF THE 6TH |
Baltimore Orioles batting - Pitching for Toronto Blue Jays : RHP Marcus Stroman
|
Batting: SHB Dexter Fowler
|
0-0: Ball 1-0: Ball 2-0: Foul Ball, location: 2F 2-1: Bunt for hit - play at first, batter safe!
|
Batting: LHB Nomar Mazara
|
0-0: Ball 1-0: Foul Ball, location: 2F 1-1: Ball 2-1: Ball 3-1: Foul Ball, location: 2F 3-2: Strikes out swinging Dexter Fowler is caught stealing 2nd base Batter strikes out.
|
Batting: LHB Rafael Devers
|
0-0: Ball 1-0: Called Strike 1-1: Swinging Strike 1-2: Foul Ball, location: 2F 1-2: Ball 2-2: Ground out 4-3 (Groundball, 34D)
|
Bottom of the 6th over - 0 runs, 1 hit, 0 errors, 0 left on base; Toronto 2 - Baltimore 1 |
TOP OF THE 7TH |
Toronto Blue Jays batting - Pitching for Baltimore Orioles : RHP Pedro Strop
|
Pitching: LHP Justin Wilson
|
|
Batting: LHB Dee Gordon
|
0-0: Called Strike 0-1: Ball 1-1: Foul Ball, location: 2F 1-2: Foul Ball, location: 2F 1-2: Ball 2-2: SINGLE (Groundball, 4M) (infield hit)
|
Batting: RHB Elvis Andrus
|
0-0: Ball 1-0: Called Strike 1-1: Called Strike 1-2: Fly out, F7 (Line Drive, 7)
|
Batting: RHB Andrew McCutchen
|
0-0: Ball 1-0: Ball 2-0: Called Strike Dee Gordon steals 2nd base 2-1: Intentional Walk
|
Batting: SHB Josh Bell
|
0-0: Called Strike 0-1: Ball 1-1: Called Strike 1-2: Foul Ball, location: 2F 1-2: Fly out, F3 (Popup, 34)
|
Pinch Hitting: RHB Keon Broxton
|
0-0: Ball 1-0: Foul Ball, location: 2F 1-1: Called Strike 1-2: Foul Ball, location: 2F 1-2: Ball 2-2: Foul Ball, location: 2F 2-2: Ground out 1-3 (Groundball, 25)
|
Top of the 7th over - 0 runs, 1 hit, 0 errors, 2 left on base; Toronto 2 - Baltimore 1 |
BOTTOM OF THE 7TH |
Baltimore Orioles batting - Pitching for Toronto Blue Jays : RHP Marcus Stroman
|
Now in LF: Keon Broxton
|
|
Batting: RHB Jose Abreu
|
0-0: Called Strike 0-1: Foul Ball, location: 2F 0-2: Fly out, F8 (Flyball, 8LS)
|
Batting: LHB Stephen Vogt
|
0-0: Called Strike 0-1: SINGLE (Groundball, 4MD)
|
Batting: RHB Austin Barnes
|
0-0: Ball 1-0: Called Strike 1-1: TRIPLE (Flyball, 78XD) Stephen Vogt scores
|
Pinch Hitting: LHB Curtis Granderson
|
0-0: Intentional Walk
|
Batting: SHB Jorge Polanco
|
0-0: Called Strike 0-1: SINGLE (Line Drive, 4MD) Austin Barnes scores Curtis Granderson to second
|
Pitching: LHP Jake Diekman
|
|
Batting: RHB Orlando Arcia
|
0-0: Called Strike 0-1: Ball 1-1: Ball 2-1: Grounds into double play, 4-6-3 (Groundball, 34)
|
Bottom of the 7th over - 2 runs, 3 hits, 0 errors, 1 left on base; Toronto 2 - Baltimore 3 |
TOP OF THE 8TH |
Toronto Blue Jays batting - Pitching for Baltimore Orioles : LHP Justin Wilson
|
Pitching: RHP Darren O'Day
|
|
Now in LF: Curtis Granderson
|
|
Batting: RHB Nicholas Castellanos
|
0-0: Called Strike 0-1: Ball 1-1: Fly out, F7 (Line Drive, 7D)
|
Batting: RHB Jorge Soler
|
0-0: Fly out, F7 (Flyball, 7LS)
|
Batting: SHB Billy Hamilton
|
0-0: Ball 1-0: Called Strike 1-1: Ball 2-1: Foul Ball, location: 2F 2-2: Foul Ball, location: 2F 2-2: Strikes out swinging
|
Top of the 8th over - 0 runs, 0 hits, 0 errors, 0 left on base; Toronto 2 - Baltimore 3 |
BOTTOM OF THE 8TH |
Baltimore Orioles batting - Pitching for Toronto Blue Jays : LHP Jake Diekman
|
Batting: SHB Dexter Fowler
|
0-0: Called Strike 0-1: Ball 1-1: Swinging Strike 1-2: Foul Ball, location: 2F 1-2: Ball 2-2: Foul Ball, location: 2F 2-2: Strikes out swinging
|
Batting: LHB Nomar Mazara
|
0-0: Ball 1-0: Called Strike 1-1: SINGLE (Line Drive, 89M)
|
Batting: LHB Rafael Devers
|
0-0: Fielders Choice at 2nd, 6-5 (Groundball, 4M)
|
Batting: RHB Jose Abreu
|
0-0: Fly out, F7 (Flyball, 7LD)
|
Bottom of the 8th over - 0 runs, 1 hit, 0 errors, 1 left on base; Toronto 2 - Baltimore 3 |
TOP OF THE 9TH |
Toronto Blue Jays batting - Pitching for Baltimore Orioles : RHP Darren O'Day
|
Pitching: RHP Brandon Morrow
|
|
Batting: RHB Austin Hedges
|
0-0: Called Strike 0-1: Foul Ball, location: 2F 0-2: Foul Ball, location: 2F 0-2: Ball 1-2: Fly out, F8 (Flyball, 8LM)
|
Batting: LHB Dee Gordon
|
0-0: Called Strike 0-1: Ball 1-1: Foul Ball, location: 2F 1-2: Foul Ball, location: 2F 1-2: SINGLE (Line Drive, 34)
|
Batting: RHB Elvis Andrus
|
0-0: Ball 1-0: Called Strike 1-1: DOUBLE (Line Drive, 7LM) Dee Gordon to third Runner from 3rd tries for Home, SAFE, throw made at trailing runner, OUT at third!
|
Batting: RHB Andrew McCutchen
|
0-0: Ground out 3-1 (Groundball, 34)
|
Top of the 9th over - 1 run, 2 hits, 0 errors, 0 left on base; Toronto 3 - Baltimore 3 |
BOTTOM OF THE 9TH |
Baltimore Orioles batting - Pitching for Toronto Blue Jays : LHP Jake Diekman
|
Pitching: RHP Trevor Rosenthal
|
|
Batting: LHB Stephen Vogt
|
0-0: Called Strike 0-1: Ground out 4-3 (Groundball, 4)
|
Batting: RHB Austin Barnes
|
0-0: Ball 1-0: Ground out 6-3 (Groundball, 6)
|
Batting: LHB Curtis Granderson
|
0-0: Swinging Strike 0-1: Called Strike 0-2: Strikes out looking
|
Bottom of the 9th over - 0 runs, 0 hits, 0 errors, 0 left on base; Toronto 3 - Baltimore 3 |
TOP OF THE 10TH |
Toronto Blue Jays batting - Pitching for Baltimore Orioles : RHP Brandon Morrow
|
Pitching: RHP Jimmie Sherfy
|
|
Batting: SHB Josh Bell
|
0-0: Ball 1-0: Ball 2-0: Foul Ball, location: 2F 2-1: Ball 3-1: Base on Balls
|
Batting: RHB Keon Broxton
|
0-0: 2-RUN HOME RUN (Flyball, 7D), Distance : 382 ft
|
Pitching: RHP Joe Jimenez
|
|
Batting: RHB Nicholas Castellanos
|
0-0: Ball 1-0: Foul Ball, location: 2F 1-1: Ball 2-1: Fly out, F7 (Flyball, 7S)
|
Batting: RHB Jorge Soler
|
0-0: Swinging Strike 0-1: Called Strike 0-2: Ball 1-2: Strikes out swinging
|
Batting: SHB Billy Hamilton
|
0-0: Called Strike 0-1: Ball 1-1: Ball 2-1: Foul Ball, location: 2F 2-2: Ball 3-2: SINGLE (Groundball, 3) (infield hit)
|
Batting: RHB Austin Hedges
|
0-0: Ball 1-0: Fielders Choice at 2nd, 5-4 (Groundball, 56)
|
Top of the 10th over - 2 runs, 2 hits, 0 errors, 1 left on base; Toronto 5 - Baltimore 3 |
BOTTOM OF THE 10TH |
Baltimore Orioles batting - Pitching for Toronto Blue Jays : RHP Trevor Rosenthal
|
Batting: SHB Jorge Polanco
|
0-0: Called Strike 0-1: Foul Ball, location: 2F 0-2: Strikes out swinging
|
Batting: RHB Orlando Arcia
|
0-0: Called Strike 0-1: Ball 1-1: Foul Ball, location: 2F 1-2: Strikes out looking
|
Batting: SHB Dexter Fowler
|
0-0: Foul Ball, location: 2F 0-1: Ball 1-1: Ball 2-1: SINGLE (Line Drive, 5D)
|
Batting: LHB Nomar Mazara
|
0-0: Ball 1-0: Called Strike 1-1: Ball 2-1: Foul Ball, location: 2F 2-2: Strikes out swinging
|
Bottom of the 10th over - 0 runs, 1 hit, 0 errors, 1 left on base; Toronto 5 - Baltimore 3 |
|